 Dungeon Crawl Stone Soup version 0.30-a0-605-gb2882149bf (webtiles) character file.

Game seed: 116681739267126209

19875 jasper the Thaumaturge (level 12, -16/100 HPs)
             Began as a Demigod Conjurer on Jan 7, 2023.
             Killed by the air
             ... invoked by a wind drake
              (21 damage)
             ... on level 3 of the Lair of Beasts.
             The game lasted 00:27:21 (14703 turns).

jasper the Thaumaturge (Demigod Conjurer)          Turns: 14703, Time: 00:27:21

Health: -16/100    AC:  8    Str:  8    XL:     12   Next: 12%
Magic:  33/39      EV: 19    Int: 36    God:
Gold:   853        SH:  0    Dex: 14    Spells: 0/31 levels left

rFire   . . .      SeeInvis .    s - +1 battleaxe (spect)
rCold   + . .      Faith    .    (shield currently unavailable)
rNeg    . . .      Spirit   .    C - +1 leather armour "Ximeodi" {rPois MP+9 Dex+2}
rPois   +          Reflect  .    (no helmet)
rElec   .          Harm     .    Z - +1 cloak {rPois}
rCorr   +          Rampage  .    j - +0 pair of gloves of the Mind {rPois rCorr Stlth-}
Will    +....                    o - +0 pair of boots
Stlth   +                        z - amulet of the acrobat
HPRegen 0.36/turn                m - +5 ring of evasion
MPRegen 0.26/turn                k - ring of protection from cold

@: no status effects
A: high MP 1, forlorn, divine attributes
a: no special abilities


You were on level 3 of the Lair of Beasts.
You visited 2 branches of the dungeon, and saw 13 of its levels.
You also visited: Ossuary.

You collected 1093 gold pieces.
You spent 240 gold pieces at shops.

Inventory:

Hand Weapons
 s - a +1 spectral battleaxe (weapon)
 U - a +0 demon blade
Missiles
 f - 94 stones
 i - 12 poisoned darts
 w - 7 javelins
 G - 6 curare-tipped darts
Armour
 j - the +0 pair of gloves of the Mind (worn) {rPois rCorr Stlth-}
   (You found it on level 4 of the Dungeon)

   rPois:     It protects you from poison.
   rCorr:     It protects you from acid and corrosion.
   Stlth:     It makes you less stealthy.
 o - a +0 pair of boots (worn)
 y - a +2 leather armour of fire resistance
 C - the +1 leather armour "Ximeodi" (worn) {rPois MP+9 Dex+2}
   (You found it on level 5 of the Dungeon)

   Dex:       It affects your dexterity (+2).
   rPois:     It protects you from poison.
   MP:        It affects your magic capacity (+9).
 H - a +0 pair of gloves
 N - +0 steam dragon scales
 O - +0 acid dragon scales
 T - a +0 cloak
 X - +0 steam dragon scales
 Z - a +1 cloak of poison resistance (worn)
Magical Staves
 J - a staff of death
Jewellery
 k - a ring of protection from cold (right hand)
 m - a +5 ring of evasion (left hand)
 z - an amulet of the acrobat (around neck)
 M - a ring of fire
 S - a ring of willpower
Wands
 g - a wand of polymorph (17)
 A - a wand of iceblast (14)
 K - a wand of paralysis (7)
 V - a wand of light (5)
Scrolls
 a - a scroll of magic mapping
 c - 2 scrolls of amnesia
 q - 3 scrolls of fear
 B - 3 scrolls of teleportation
 I - a scroll of immolation
 L - 3 scrolls of blinking
 P - 2 scrolls of enchant armour
 Q - a scroll of poison
 R - 4 scrolls of identify
 W - 2 scrolls of vulnerability
Potions
 b - 2 potions of magic
 e - 3 potions of heal wounds
 p - a potion of cancellation
 r - a potion of berserk rage
 t - a potion of invisibility
 v - 2 potions of brilliance
 x - 4 potions of curing
 D - 3 potions of attraction
 E - 4 potions of lignification
 F - 4 potions of flight
 Y - 3 potions of ambrosia


   Skills:
 - Level 7.2 Fighting
 - Level 3.0 Armour
 - Level 6.5 Dodging
 - Level 1.7 Stealth
 - Level 10.0 Spellcasting
 - Level 8.1 Conjurations
 - Level 4.0 Hexes
 + Level 8.1 Ice Magic
 - Level 1.6 Air Magic
 - Level 3.1 Poison Magic


You couldn't memorise any spells.
You knew the following spells:

 Your Spells              Type           Power      Damage    Failure   Level
a - Magic Dart            Conj           100%       1d8       1%          1
b - Searing Ray           Conj           100%       2d8       1%          2
c - Apportation           Tloc           36%        N/A       3%          1
d - Dazzling Flash        Conj/Hex       100%       N/A       1%          3
e - Fulminant Prism       Conj/Hex       29%        3d13      2%          4
f - Swiftness             Air            29%        N/A       4%          3
g - Ozocubu's Armour      Ice            66%        N/A       1%          3
h - Mephitic Cloud        Conj/Pois/Air  49%        N/A       1%          3
i - Ozocubu's Refrigerat  Ice            33%        4d14      69%         7
j - Olgreb's Toxic Radia  Pois           41%        N/A       9%          4

Your spell library contained the following spells:

 Spells                   Type           Power      Damage    Failure   Level
 Shock                    Conj/Air       100%       1d9       1%          1
 Slow                     Hex            100%       N/A       1%          1
 Poisonous Vapours        Pois/Air       70%        N/A       1%          2
 Confusing Touch          Hex            46%        N/A       1%          3
 Cigotuvi's Dreadful Rot  Necr/Pois/Air  58%        N/A       2%          2
 Necrotise                Necr           72%        1d7       3%          1
 Summon Small Mammal      Summ           72%        N/A       3%          1
 Inner Flame              Hex/Fire       32%        N/A       4%          3
 Flame Wave               Conj/Fire      47%        2d12      6%          4
 Iskenderun's Mystic Bla  Conj/Tloc      47%        2d10      6%          4
 Sticky Flame             Conj/Fire      47%        2d6       6%          4
 Metabolic Englaciation   Hex/Ice        28%        N/A       8%          5
 Gell's Gravitas          Tloc           18%        N/A       10%         3
 Lesser Beckoning         Tloc           36%        N/A       10%         3
 Teleport Other           Tloc           18%        N/A       10%         3
 Vampiric Draining        Necr           18%        2d7       10%         3
 Airstrike                Air            14%        2d(3-19)  17%         4
 Animate Dead             Necr           18%        N/A       32%         4
 Simulacrum               Ice/Necr       23%        N/A       67%         6
 Haunt                    Necr/Summ      9%         N/A       100%        7
 Ignition                 Fire           9%         3d5       100%        8
 Infestation              Necr           9%         N/A       100%        8


Dungeon Overview and Level Annotations

Branches:
Dungeon (10/15)            Temple (0/1) D:4            Lair (3/5) D:10
 Shoals (0/4) Lair:3          Orc (0/2) D:9         Ossuary (visited)
  Snake: Lair:2-3    Spider: Lair:2-3

Shops:
D:4 :   D:6 (

Annotations:
D:6 1 runed translucent door, GiantSquids's ghost, novice OpTm
D:10 Josephine


Innate Abilities, Weirdness & Mutations

You have an increased reservoir of magic. (+10% MP)
You shall have no god before yourself.
Your divine heritage dramatically boosts your attributes as you level up.


Message History

The wind drake is heavily wounded.
You closely miss the yak. You barely miss the yak.
You hit the manticore but do no damage.
Your +1 spectral battleaxe hits the yak!!
You kill the yak!
Your +1 spectral battleaxe closely misses the yak.
Your +1 spectral battleaxe hits the manticore!
Your +1 spectral battleaxe hits the wind drake!
The wind drake exhales a fierce blast of wind!
The yak is knocked back by the gust of wind.
You are knocked back by the gust of wind.
You collide with the yak!
The yak is heavily wounded.
Your +1 spectral battleaxe is knocked back by the gust of wind.
The yak closely misses you. The manticore bites you!! The manticore misses you.
The manticore claws you. The wind drake flaps its wings at you.
The air twists around and strikes you!
A cane toad comes into view.
The yak gores you. The manticore bites you!
* * * LOW HITPOINT WARNING * * *
The manticore claws you!
* * * LOW HITPOINT WARNING * * *
The manticore closely misses you.
You take 85 damage, and have 11/100 hp.
MASSIVE DAMAGE!!
You feel much better. The wind drake barely misses you.
The manticore bites you!!
* * * LOW HITPOINT WARNING * * *
The manticore claws you.
* * * LOW HITPOINT WARNING * * *
The manticore claws you but does no damage.
The yak gores you.
* * * LOW HITPOINT WARNING * * *
You take 6 damage, and have 5/100 hp.
Blink to where?
Press: ? - help, Dir - move target
As you read the scroll of blinking, it crumbles to dust.
The wind drake flaps its wings at you. The air twists around and strikes you!!
You die...

# # # ## ##.
#..#.#P#######.#####
.............H.†...#..
#......@.....k§Y...PP..
##........>.........P..
#.................Y.F..
#...P###.#####...#.....
#.... ### #.F.##....
#..# ##..# #### ###
#.## .#


You could see a wind drake (repels missiles, very poisoned, catching breath) and
a manticore (very poisoned).

Vanquished Creatures
  A centaur warrior (D:9)
  A two-headed ogre (D:10)
  Lodul (D:10)
  Maurice (D:9)
  Joseph (D:8)
  2 black mambas
  6 cane toads
  Maggie (D:7)
  A rime drake (Lair:2)
  Psyche (D:8)
  6 komodo dragons
  A queen bee (Lair:2)
  Grinder (D:4)
  A hornet (D:10)
  5 blink frogs (Lair:2)
  A polar bear (Lair:1)
  A wyvern (Lair:2)
  3 wraiths (D:10)
  15 yaks
  Grum (D:8)
  A warg (D:9)
  2 steam dragons
  Edmund (D:6)
  Menkaure (D:5)
  8 water moccasins
  An acid dragon (D:8)
  4 orc warriors
  3 sky beasts
  7 black bears
  A centaur (D:8)
  13 ogres
  4 wolves (D:8)
  2 necrophages
  4 bullfrogs
  3 scorpions
  16 wights (D:8)
  18 killer bees
  9 howler monkeys
  2 jellies
  4 hounds
  10 orc priests
  A gnoll bouda (D:5)
  An iron imp (D:9)
  Jessica (D:3)
  An iguana (D:5)
  12 orc wizards
  21 gnolls
  12 adders
  A white imp (D:6)
  An ufetubus (D:5)
  A worm (D:2)
  4 dart slugs
  39 orcs
  12 ball pythons
  An endoplasm (D:4)
  6 giant cockroaches
  18 goblins
  9 hobgoblins
  9 kobolds
  3 quokkas
  2 bats
  4 frilled lizards
  2 gnoll zombies (Ossuary)
  A hobgoblin zombie (Ossuary)
  2 kobold zombies (Ossuary)
  2 orc zombies (Ossuary)
  4 rats
  A fulminant prism (D:10)
336 creatures vanquished.

Vanquished Creatures (others)
  10 fulminant prisms
  68 fungi
  58 plants
136 creatures vanquished.

Grand Total: 472 creatures vanquished

Notes
Turn   | Place    | Note
-------+----------+-------------------------------------------
     0 | D:1      | jasper the Demigod Conjurer began the quest for the Orb.
     0 | D:1      | Reached XP level 1. HP: 14/14 MP: 5/5
   249 | D:1      | Reached skill level 2 in Spellcasting
   585 | D:1      | Reached XP level 2. HP: 20/20 MP: 1/7
  1469 | D:1      | Learned a level 2 spell: Searing Ray
  1471 | D:1      | Learned a level 1 spell: Apportation
  1662 | D:2      | Reached XP level 3. HP: 26/26 MP: 4/9
  1666 | D:2      | Learned a level 3 spell: Dazzling Flash
  2622 | D:3      | Reached skill level 3 in Spellcasting
  2622 | D:3      | Reached XP level 4. HP: 18/33 MP: 6/11
  3130 | D:3      | Noticed Jessica
  3143 | D:3      | Killed Jessica
  3232 | D:3      | Reached XP level 5. HP: 23/38 MP: 9/13
  3391 | D:3      | Reached skill level 5 in Conjurations
  3720 | D:4      | Found a sand-covered staircase.
  3720 | D:4      | Noticed Grinder
  3733 | D:4      | Paralysed by Grinder for 3 turns
  3759 | D:4      | Killed Grinder
  3760 | D:4      | Reached skill level 4 in Spellcasting
  3760 | D:4      | Reached XP level 6. HP: 19/45 MP: 9/15
  3777 | D:4      | Learned a level 4 spell: Fulminant Prism
  3824 | Ossuary  | Entered an ossuary
  4245 | D:4      | Found Osobb's Book Emporium.
  4475 | D:4      | Reached skill level 1 in Fighting
  4475 | D:4      | Reached skill level 1 in Hexes
  4633 | D:4      | Reached XP level 7. HP: 52/52 MP: 10/16
  4674 | D:4      | Identified the +0 pair of gloves of the Mind {rPois rCorr
                  | Stlth-}
  4908 | D:4      | Found a staircase to the Ecumenical Temple.
  5838 | D:5      | Entered Level 5 of the Dungeon
  5843 | D:5      | Learned a level 3 spell: Swiftness
  6121 | D:5      | Noticed Menkaure
  6124 | D:5      | Killed Menkaure
  6125 | D:5      | Reached XP level 8. HP: 33/62 MP: 12/17
  6307 | D:5      | Identified the +1 leather armour "Ximeodi" {rPois MP+9
                  | Dex+2}
  6418 | D:5      | Reached skill level 1 in Armour
  7087 | D:6      | Found Siynyon's Antique Weapon Emporium.
  7090 | D:6      | Noticed Edmund
  7109 | D:6      | Killed Edmund
  7517 | D:6      | Found a runed translucent door.
  7517 | D:6      | Noticed GiantSquids's ghost (novice OpTm)
  7870 | D:7      | Reached XP level 9. HP: 47/71 MP: 18/18
  8114 | D:7      | Noticed Maggie
  8125 | D:7      | Killed Maggie
  8159 | D:7      | Reached skill level 5 in Fighting
  8159 | D:7      | Reached skill level 5 in Spellcasting
  8729 | D:4      | Bought Ozocubu's Autobiography for 240 gold pieces
  8733 | D:4      | Learned a level 3 spell: Ozocubu's Armour
  8812 | D:8      | Reached skill level 1 in Ice Magic
  9069 | D:8      | Reached skill level 6 in Spellcasting
  9204 | D:8      | Noticed Joseph
  9218 | D:8      | Killed Joseph
  9335 | D:8      | Noticed Psyche
  9339 | D:8      | Reached XP level 10. HP: 83/83 MP: 22/23
  9351 | D:8      | Killed Psyche
  9352 | D:8      | Reached skill level 5 in Dodging
  9357 | D:8      | Learned a level 3 spell: Mephitic Cloud
  9793 | D:8      | Noticed Grum
  9807 | D:8      | Killed Grum
 10067 | D:9      | Reached skill level 7 in Spellcasting
 10219 | D:9      | Noticed a centaur warrior
 10230 | D:9      | Killed a centaur warrior
 10290 | D:9      | Noticed Maurice
 10303 | D:9      | Killed Maurice
 10449 | D:9      | Found a staircase to the Orcish Mines.
 10919 | D:10     | Entered Level 10 of the Dungeon
 10941 | D:10     | Noticed a two-headed ogre
 10949 | D:10     | Killed a two-headed ogre
 11236 | D:10     | Reached skill level 8 in Spellcasting
 11440 | D:10     | Found a staircase to the Lair.
 11451 | D:10     | Noticed a moth of wrath
 11566 | D:10     | Reached XP level 11. HP: 54/91 MP: 18/27
 11683 | D:10     | Noticed Lodul
 11694 | D:10     | Reached skill level 1 in Air Magic
 11702 | D:10     | Killed Lodul
 12026 | D:10     | Learned a level 7 spell: Ozocubu's Refrigeration
 12071 | D:10     | Noticed Josephine
 12084 | Lair:1   | Entered Level 1 of the Lair of Beasts
 12375 | Lair:1   | Reached skill level 9 in Spellcasting
 12402 | Lair:1   | Reached skill level 5 in Ice Magic
 13052 | Lair:1   | Reached skill level 10 in Spellcasting
 13999 | Lair:2   | Reached XP level 12. HP: 100/100 MP: 30/30
 14163 | Lair:2   | Learned a level 4 spell: Olgreb's Toxic Radiance
 14217 | Lair:2   | Reached skill level 1 in Poison Magic
 14695 | Lair:3   | Found a staircase to the Shoals.
 14702 | Lair:3   | HP: 5/100 [yak (5)]
 14703 | Lair:3   | Killed from afar by a wind drake

Illustrated notes

Levels and vault maps discovered:
D:1:      shiori_arrival_maze, layout_basic, serial_forest,
          infiniplex_forest_split, infiniplex_forest_straight_2,
          infiniplex_forest_clump_curved, infiniplex_forest_clump_tiny,
          infiniplex_forest_clump_long, infiniplex_forest_clump_medium,
          infiniplex_forest_clump_small, infiniplex_forest_end_2,
          chequers_arboretum, chequers_serial_rivers_large_a
D:2:      layout_loops_ring, corexii_leaking_fountain
D:3:      minmay_diamond_boxcup, layout_basic, led_sif_pool,
          nemelex_diamond_rough_becter, shapermc_ecumenical_altar_starsandcircs,
          st_stairs_12, minmay_tree_intersection, kennysheep_generic_room_11,
          uniq_jessica
D:4:      layout_loops_ring, lemuel_tele_altar, minmay_temple_entry_crystal_x,
          serial_shops, nicolae_shop_window_shopping, enter_ossuary_1,
          serial_bayou_ford_a, solitary_fountain, dreamdust_gnoll_farm,
          uniq_grinder
D:5:      layout_cave_pools, lemuel_round_altar, kennysheep_mini, corexii_shack,
          kennysheep_generic_room_5, uniq_menkaure
D:6:      layout_basic, mainiacjoe_overflow_catwalk_spiral,
          hellmonk_ghost_happy_afterlife, serial_shops,
          nicolae_shop_temple_entry_statues_fountains, uniq_edmund
D:7:      layout_loops_ring, kennysheep_small_circle, uniq_maggie
D:8:      layout_loops_ring, uniq_joseph, uniq_grum, uniq_psyche
D:9:      layout_rooms, slow_altar_2, kennysheep_little_box, erik_orc_3,
          uniq_maurice
D:10:     layout_gridville, bloody_makhleb, tgw_trog,
          due_lair_maze_entry_diamond, uniq_lodul, uniq_josephine
Lair:1:   layout_misc_corridors, minivault_24
Lair:2:   layout_roguey, special_room [special_room_bee]
Lair:3:   layout_gridlike, minmay_shoals_entry_beasts,
          guppyfry_snake_entry_garden, chequers_serial_rivers_large_b,
          chequers_serial_rivers_marsh, patterned_corridor, serial_bayou_shore_a

Skill      XL: |  1  2  3  4  5  6  7  8  9 10 11 12 |
---------------+-------------------------------------+-----
Spellcasting   | 2 3 4 6 8 10 | 10.0
Conjurations   | 4 5 6 7 8 |  8.1
Dodging        | 2 3 4 6 |  6.5
Fighting       | 1 2 4 5 6 7 |  7.2
Hexes          | 1 2 4 |  4.0
Armour         | 3 |  3.0
Ice Magic      | 2 4 7 8 |  8.1
Air Magic      | 1 |  1.6
Poison Magic   | 3 |  3.1
Stealth        | |  1.7

Action                   |  1- 3 |  4- 6 |  7- 9 | 10-12 || total
-------------------------+-------+-------+-------+-------++-------
Melee: Hand axe          |     1 |       |       |       ||     1
       Battleaxe         |     2 |     8 |    32 |   143 ||   185
       Unarmed           |       |    14 |       |       ||    14
 Cast: Magic Dart        |    68 |    86 |   100 |    89 ||   343
       Searing Ray       |     7 |    11 |    59 |    73 ||   150
       Fulminant Prism   |       |       |     2 |     9 ||    11
       Ozocubu's Armour  |       |       |     2 |     2 ||     4
       Mephitic Cloud    |       |       |       |     9 ||     9
       Olgreb's Toxic Ra |       |       |       |     2 ||     2
Evoke: Wand              |       |       |       |     6 ||     6
  Use: Scroll            |       |    11 |    10 |     3 ||    24
       Potion            |       |       |       |     1 ||     1
Armor: Robe              |     6 |     7 |     1 |       ||    14
       Skin              |       |     1 |       |       ||     1
       Leather armour    |       |       |    15 |    63 ||    78
Dodge: Dodged            |    13 |    25 |    82 |   426 ||   546

Table legend: (Time is in decaauts)
 A = Elapsed time spent in this place.
 B = Non-inter-level travel time spent in this place.
 C = Inter-level travel time spent in this place.
 D = Time resting spent in this place.
 E = Time spent auto-exploring this place.
 F = Levels seen in this place.
 G = Mean time per level.
                   A        B        C        D        E       F      G
               +--------+--------+--------+--------+--------+-----+--------+
         Total |  14887 |  14381 |    506 |    876 |  11334 |  14 | 1063.4 |
       Dungeon |  12020 |  11589 |    431 |    354 |   9571 |  10 | 1202.0 |
          Lair |   2708 |   2633 |     75 |    413 |   1745 |   3 |  902.7 |
       Ossuary |    157 |    157 |      0 |    109 |     18 |   1 |  157.0 |
               +--------+--------+--------+--------+--------+-----+--------+

Top non-repeatable levels by time:
     D:4: 2028 daAuts
     D:1: 1523 daAuts
  Lair:1: 1378 daAuts
  Lair:2: 1320 daAuts
     D:8: 1253 daAuts
    D:10: 1189 daAuts
     D:5: 1136 daAuts
     D:3: 1118 daAuts
     D:2: 1093 daAuts
     D:7: 956 daAuts
     D:9: 892 daAuts
     D:6: 829 daAuts
 Ossuary: 157 daAuts
  Lair:3: 9 daAuts
